MapleLeafs vs Panthers

Created - February 18 2012 at 19:27

Goals
1 2 3 T
MapleLeafs 3 2 1 6
Panthers 1 1 2 4
Shots
1 2 3 T
MapleLeafs 16 12 11 39
Panthers 14 12 13 39

Period #1

1. MapleLeafs , Jordin Tootoo 14 (Kyle Cumiskey, Kris Versteeg) at 3:46
2. MapleLeafs , Patrick Marleau 26 (Vincent Lecavalier) at 3:52
3. MapleLeafs , Patrick Marleau 27 (Drew Doughty, Evgeni Malkin) at 11:43 (PP)
4. Panthers , Andrew Brunette 9 (Daniel Alfredsson, Dave Bolland) at 15:34

Penalties :
Jordin Tootoo (TOR) for Slashing (Minor) at 0:30, David Steckel (FLA) for Hooking (Minor) at 6:14, Patrick Marleau (TOR) for Hooking (Minor) at 6:14, David Steckel (FLA) for Fighting (Major) at 11:05, Vincent Lecavalier (TOR) for Fighting (Major) at 11:05, David Steckel (FLA) for instigated a fight (Game Misconduct) at 11:05, Matt Greene (TOR) for Hooking (Minor) at 13:47, Greg Zanon (TOR) for Interference (Minor) at 16:32

Period #2

5. Panthers , Kyle Quincey 1 (Daniel Alfredsson, Dustin Penner) at 7:33
6. MapleLeafs , Mike Fisher 9 (Kris Versteeg) at 11:23
7. MapleLeafs , Patrick Marleau 28 (Kris Versteeg, Mike Fisher) at 12:16

Penalties :
Matt Greene (TOR) for Hooking (Minor) at 0:29, Andrew Alberts (TOR) for High sticking (Minor) at 1:06, Mike Grier (TOR) for Hooking (Minor) at 5:25, Semyon Varlamov (FLA) for Delaying the game (Minor) at 7:37 - Dustin Penner served the penalty., Adam Hall (TOR) for Hooking (Minor) at 13:01

Period #3

8. Panthers , Daniel Alfredsson 8 (Andrew Brunette, Kyle Quincey) at 5:42
9. Panthers , Sam Gagner 17 (Kyle Quincey, Jason Garrison) at 16:38
10. MapleLeafs , Vincent Lecavalier 21 (Drew Doughty) at 17:32

Penalties :
Sam Gagner (FLA) for Fighting (Major) at 9:00, Matt Greene (TOR) for Fighting (Major) at 9:00, Matt Greene (TOR) for Interference (Minor) at 14:07, Greg Zanon (TOR) for Roughing (Minor) at 18:41

Goalie Stats

Ryan Miller (TOR), 35 saves from 39 shots - (0.897), W, 15-21-6, 60:00 minutes
Semyon Varlamov (FLA), 33 saves from 39 shots - (0.846), L, 16-16-0, 60:00 minutes

Players Stats

MapleLeafs
Player Name              G  A  P  +/- PIM S  H  SB FO    MP 
------------------------------------------------------------
Adam Hall                0  0  0  -3  2   1  0  0  0/0   8  
Andrew Alberts           0  0  0  -1  2   1  4  2  0/0   17 
Drew Doughty             0  2  2   2  0   0  2  2  0/0   23 
Ed Jovanovski            0  0  0   0  0   0  0  0  0/0   1  
Evgeni Malkin            0  1  1   2  0   5  2  0  4/11  21 
Greg Zanon               0  0  0   1  4   0  1  0  0/0   22 
Jay Harrison             0  0  0  -1  0   1  0  5  0/0   15 
Jordin Tootoo            1  0  1   1  2   1  0  1  0/0   2  
Kris Versteeg            0  3  3   1  0   3  1  0  2/4   22 
Kyle Cumiskey            0  1  1   0  0   0  0  2  0/0   22 
Matt Greene              0  0  0   1  11  0  2  1  0/0   19 
Mike Fisher              1  1  2   0  0   2  2  0  17/32 18 
Mike Grier               0  0  0  -1  4   4  0  0  0/1   15 
Nick Boynton             0  0  0   0  0   0  0  0  0/0   0  
Patrick Marleau          3  0  3   3  2   12 1  0  5/13  24 
Shawn Thornton           0  0  0  -1  0   2  4  0  3/4   16 
Vernon Fiddler           0  0  0  -1  0   0  0  0  12/15 16 
Vincent Lecavalier       1  1  2   2  5   7  2  1  10/23 21 
Panthers
Player Name              G  A  P  +/- PIM S  H  SB FO    MP 
------------------------------------------------------------
Andrew Brunette          1  1  2   1  0   4  2  0  8/15  22 
Andy Greene              0  0  0  -2  0   1  0  0  0/0   24 
Anton Volchenkov         0  0  0  -2  0   0  0  2  0/0   16 
Daniel Alfredsson        1  2  3   1  0   7  0  0  0/0   15 
Dave Bolland             0  1  1   2  0   6  3  2  12/15 15 
David Steckel            0  0  0  -1  17  0  3  0  1/3   5  
Dustin Penner            0  1  1  -1  0   4  5  0  15/35 20 
Jason Blake              0  0  0  -3  0   0  1  1  2/12  22 
Jason Garrison           0  1  1  -2  0   2  0  3  0/0   25 
John-Michael Liles       0  0  0   0  0   0  0  0  0/0   1  
Kyle Quincey             1  2  3   3  0   1  1  2  0/0   24 
Lee Stempniak            0  0  0   0  0   0  0  0  0/1   2  
Matt Cullen              0  0  0   0  0   2  0  0  4/6   25 
Mike Santorelli          0  0  0  -1  0   3  1  0  5/10  24 
Patrik Berglund          0  0  0   0  0   1  0  0  1/2   4  
Ryan OByrne              0  0  0   0  0   1  5  0  0/0   24 
Ryan Smyth               0  0  0   0  0   1  1  0  0/0   5  
Sam Gagner               1  0  1   0  5   6  3  1  2/4   23 

3 Stars

1 - Patrick Marleau (TOR)
2 - Kyle Quincey (FLA)
3 - Daniel Alfredsson (FLA)

Power Play

MapleLeafs - 1 on 2 Attempt(s) - 50.00%
Panthers - 0 on 9 Attempt(s) - 0.00%

Penalty Kill

MapleLeafs - 9 on 9 Attempt(s) - 100.00% - Score 0 goal in Penalty Kill
Panthers - 1 on 2 Attempt(s) - 50.00% - Score 0 goal in Penalty Kill

Game Notes

David Steckel and Vincent Lecavalier fight to a draw at 11:05 of 1st period
David Steckel ejected from game at 11:05 of 1st period
David Steckel from Panthers is suspended for 4 game(s)
Jordin Tootoo is injured at 13:28 of 1st period (Sprained Right Finger)
Patrick Marleau has scored a Hat Trick!
Matt Greene beats up Sam Gagner at 9:00 of 3rd period

Finance

Level 1 -- Attendance: 6000 (100.00%) -- Ticket Income $420,000.00
Level 2 -- Attendance: 5000 (100.00%) -- Ticket Income $150,000.00
Level 3 -- Attendance: 3333 (95.23%) -- Ticket Income $66,660.00
Level 4 -- Attendance: 2781 (74.16%) -- Ticket Income $27,810.00
Luxury Box -- Attendance: 919 (91.90%) -- Ticket Income $137,850.00
Game was played at the BankAtlantic Center
Total Attendance: 18033 (93.68%)
Total Ticket Income: $859,320.00
Other Income: $198,724.50
Total Income: $1,058,045.00


Play by Play

Period #1

0:01 of 1st period - Dustin Penner wins face-off versus Vincent Lecavalier in neutral zone.
0:26 of 1st period - Shot by Vincent Lecavalier.
0:26 of 1st period - Shot Blocked by Jason Garrison.
0:28 of 1st period - Shot by Evgeni Malkin.
0:28 of 1st period - Stopped by Semyon Varlamov without a rebound.
0:29 of 1st period - Jason Blake wins face-off versus Mike Fisher in Panthers zone.
0:29 of 1st period - Jason Blake is hit by Mike Fisher.
0:30 of 1st period - Minor Penalty to Jordin Tootoo for Slashing.
0:31 of 1st period - Evgeni Malkin wins face-off versus David Steckel in MapleLeafs zone.
1:19 of 1st period - Shot by Jason Garrison.
1:19 of 1st period - Shot Misses the Net.
1:21 of 1st period - Shot by Sam Gagner.
1:21 of 1st period - Shot Misses the Net.
1:23 of 1st period - Shot by Matt Cullen.
1:23 of 1st period - Deflect By Andrew Brunette.
1:23 of 1st period - Stopped by Ryan Miller without a rebound.
1:24 of 1st period - Andrew Brunette wins face-off versus Patrick Marleau in MapleLeafs zone.
1:29 of 1st period - Shot by Sam Gagner.
1:29 of 1st period - Stopped by Ryan Miller without a rebound.
1:30 of 1st period - Andrew Brunette wins face-off versus Patrick Marleau in MapleLeafs zone.
2:00 of 1st period - Evgeni Malkin is hit by Mike Santorelli and loses puck.
2:13 of 1st period - Matt Cullen is hit by Evgeni Malkin.
2:38 of 1st period - Icing by Jason Garrison.
2:39 of 1st period - Vernon Fiddler wins face-off versus Dustin Penner in Panthers zone.
2:56 of 1st period - Shot by Vernon Fiddler.
2:56 of 1st period - Deflect By Mike Grier.
2:56 of 1st period - Shot Misses the Net.
2:58 of 1st period - Shot by Andrew Alberts.
2:58 of 1st period - Shot Misses the Net.
3:00 of 1st period - Shot by Mike Grier.
3:00 of 1st period - Shot Misses the Net.
3:46 of 1st period - Shot by Jordin Tootoo.
3:46 of 1st period - Goal by Jordin Tootoo - MapleLeafs : 1 - Panthers : 0.
3:47 of 1st period - Vincent Lecavalier wins face-off versus David Steckel in neutral zone.
3:52 of 1st period - Shot by Patrick Marleau.
3:52 of 1st period - Goal by Patrick Marleau - MapleLeafs : 2 - Panthers : 0.
3:53 of 1st period - Vincent Lecavalier wins face-off versus Andrew Brunette in neutral zone.
4:00 of 1st period - Shot by Vincent Lecavalier.
4:00 of 1st period - Stopped by Semyon Varlamov without a rebound.
4:01 of 1st period - David Steckel wins face-off versus Vincent Lecavalier in Panthers zone.
4:13 of 1st period - Icing by Greg Zanon.
4:14 of 1st period - Andrew Brunette wins face-off versus Vincent Lecavalier in MapleLeafs zone.
4:33 of 1st period - Shot by Evgeni Malkin.
4:33 of 1st period - Stopped by Semyon Varlamov without a rebound.
4:34 of 1st period - Mike Fisher wins face-off versus Dustin Penner in Panthers zone.
4:51 of 1st period - Shot by Dustin Penner.
4:51 of 1st period - Stopped by Ryan Miller without a rebound.
4:52 of 1st period - Mike Santorelli wins face-off versus Vernon Fiddler in MapleLeafs zone.
5:13 of 1st period - Shot by Mike Santorelli.
5:13 of 1st period - Shot Blocked by Jay Harrison.
5:15 of 1st period - Shot by Matt Cullen.
5:15 of 1st period - Stopped by Ryan Miller without a rebound.
5:16 of 1st period - Mike Fisher wins face-off versus Dustin Penner in MapleLeafs zone.
5:16 of 1st period - Mike Fisher is hit by David Steckel.
5:19 of 1st period - Kris Versteeg is hit by David Steckel and loses puck.
5:29 of 1st period - Shot by Kris Versteeg.
5:29 of 1st period - Stopped by Semyon Varlamov with a rebound.
5:31 of 1st period - Shot by Mike Fisher.
5:31 of 1st period - Shot Misses the Net.
6:14 of 1st period - Minor Penalty to David Steckel for Hooking.
6:14 of 1st period - Minor Penalty to Patrick Marleau for Hooking.
6:15 of 1st period - Matt Cullen wins face-off versus Evgeni Malkin in neutral zone.
6:20 of 1st period - Off-side.
6:21 of 1st period - Matt Cullen wins face-off versus Evgeni Malkin in neutral zone.
7:28 of 1st period - Icing by Kris Versteeg.
7:29 of 1st period - Mike Fisher wins face-off versus Sam Gagner in MapleLeafs zone.
7:49 of 1st period - Shot by Dave Bolland.
7:49 of 1st period - Deflect By Mike Santorelli.
7:49 of 1st period - Shot Misses the Net.
8:29 of 1st period - Shot by Mike Grier.
8:29 of 1st period - Stopped by Semyon Varlamov without a rebound.
8:30 of 1st period - Shawn Thornton wins face-off versus Dustin Penner in Panthers zone.
8:31 of 1st period - Shot by Adam Hall.
8:31 of 1st period - Shot Misses the Net.
8:33 of 1st period - Shot by Adam Hall.
8:33 of 1st period - Shot Blocked by Anton Volchenkov.
8:37 of 1st period - Shot by Drew Doughty.
8:37 of 1st period - Shot Misses the Net.
8:41 of 1st period - Shot by Adam Hall.
8:41 of 1st period - Deflect By Shawn Thornton.
8:41 of 1st period - Shot Misses the Net.
8:43 of 1st period - Shot by Greg Zanon.
8:43 of 1st period - Shot Misses the Net.
8:47 of 1st period - Shot by Drew Doughty.
8:47 of 1st period - Shot Misses the Net.
8:49 of 1st period - Shot by Adam Hall.
8:49 of 1st period - Shot Misses the Net.
9:18 of 1st period - Shot by Patrick Marleau.
9:18 of 1st period - Stopped by Semyon Varlamov with a rebound.
9:20 of 1st period - Shot by Evgeni Malkin.
9:20 of 1st period - Deflect By Vincent Lecavalier.
9:20 of 1st period - Stopped by Semyon Varlamov without a rebound.
9:21 of 1st period - Matt Cullen wins face-off versus Vincent Lecavalier in Panthers zone.
9:32 of 1st period - Shot by Vincent Lecavalier.
9:32 of 1st period - Shot Misses the Net.
9:34 of 1st period - Shot by Patrick Marleau.
9:34 of 1st period - Shot Misses the Net.
9:38 of 1st period - Shot by Evgeni Malkin.
9:38 of 1st period - Shot Misses the Net.
9:42 of 1st period - Shot by Evgeni Malkin.
9:42 of 1st period - Stopped by Semyon Varlamov without a rebound.
9:43 of 1st period - Mike Santorelli wins face-off versus Kris Versteeg in Panthers zone.
9:52 of 1st period - Shot by Andrew Brunette.
9:52 of 1st period - Stopped by Ryan Miller without a rebound.
9:53 of 1st period - Vernon Fiddler wins face-off versus Jason Blake in MapleLeafs zone.
10:10 of 1st period - Andy Greene is hit by Shawn Thornton and loses puck.
10:17 of 1st period - Matt Cullen is hit by Shawn Thornton.
10:45 of 1st period - Shot by Sam Gagner.
10:45 of 1st period - Stopped by Ryan Miller without a rebound.
10:46 of 1st period - Patrick Marleau wins face-off versus Dustin Penner in MapleLeafs zone.
10:46 of 1st period - Patrick Marleau is hit by David Steckel.
10:55 of 1st period - Sam Gagner is hit by Patrick Marleau and loses puck.
11:05 of 1st period - David Steckel and Vincent Lecavalier fight to a draw.
11:05 of 1st period - Penalty to David Steckel for Fighting.
11:05 of 1st period - Penalty to Vincent Lecavalier for Fighting.
11:05 of 1st period - Penalty to David Steckel for instigated a fight.
11:05 of 1st period - David Steckel is ejected from game.
11:06 of 1st period - Matt Cullen wins face-off versus Mike Fisher in MapleLeafs zone.
11:09 of 1st period - Shot by Dave Bolland.
11:09 of 1st period - Stopped by Ryan Miller without a rebound.
11:10 of 1st period - Andrew Brunette wins face-off versus Mike Fisher in MapleLeafs zone.
11:25 of 1st period - Shot by Matt Greene.
11:25 of 1st period - Shot Misses the Net.
11:29 of 1st period - Shot by Mike Fisher.
11:29 of 1st period - Shot Misses the Net.
11:31 of 1st period - Shot by Mike Fisher.
11:31 of 1st period - Stopped by Semyon Varlamov without a rebound.
11:32 of 1st period - Kris Versteeg wins face-off versus Andrew Brunette in Panthers zone.
11:43 of 1st period - Shot by Patrick Marleau.
11:43 of 1st period - Goal by Patrick Marleau - MapleLeafs : 3 - Panthers : 0.
11:44 of 1st period - Dustin Penner wins face-off versus Mike Fisher in neutral zone.
11:47 of 1st period - Patrick Marleau is hit by Dustin Penner and loses puck.
12:37 of 1st period - Shot by Andrew Alberts.
12:37 of 1st period - Stopped by Semyon Varlamov without a rebound.
12:38 of 1st period - Vernon Fiddler wins face-off versus Mike Santorelli in Panthers zone.
12:38 of 1st period - Shawn Thornton is hit by Ryan OByrne and loses puck.
12:48 of 1st period - Shawn Thornton is hit by Ryan OByrne and loses puck.
13:20 of 1st period - Off-side.
13:21 of 1st period - Dustin Penner wins face-off versus Mike Fisher in neutral zone.
13:26 of 1st period - Shot by Jason Garrison.
13:26 of 1st period - Shot Misses the Net.
13:28 of 1st period - Shot by Jason Garrison.
13:28 of 1st period - Shot Blocked by Jordin Tootoo.
13:28 of 1st period - Jordin Tootoo from MapleLeafs is injured at 13:28 of 1st period (Sprained Right Finger).
13:29 of 1st period - Mike Fisher wins face-off versus Andrew Brunette in MapleLeafs zone.
13:47 of 1st period - Minor Penalty to Matt Greene for Hooking.
13:48 of 1st period - Kris Versteeg wins face-off versus Jason Blake in MapleLeafs zone.
13:58 of 1st period - Evgeni Malkin is hit by Dave Bolland and loses puck.
14:01 of 1st period - Shot by Patrick Marleau.
14:01 of 1st period - Shot Blocked by Dave Bolland.
14:30 of 1st period - Kyle Quincey is hit by Kris Versteeg and loses puck.
14:38 of 1st period - Icing by Jason Garrison.
14:39 of 1st period - Vernon Fiddler wins face-off versus Dustin Penner in Panthers zone.
14:40 of 1st period - Shot by Mike Grier.
14:40 of 1st period - Stopped by Semyon Varlamov without a rebound.
14:41 of 1st period - Dustin Penner wins face-off versus Vernon Fiddler in Panthers zone.
15:06 of 1st period - Shot by Mike Grier.
15:06 of 1st period - Stopped by Semyon Varlamov with a rebound.
15:08 of 1st period - Shot by Jay Harrison.
15:08 of 1st period - Stopped by Semyon Varlamov without a rebound.
15:09 of 1st period - Mike Fisher wins face-off versus Dave Bolland in Panthers zone.
15:18 of 1st period - Shot by Kris Versteeg.
15:18 of 1st period - Deflect By Mike Fisher.
15:18 of 1st period - Shot Misses the Net.
15:30 of 1st period - Shot by Dave Bolland.
15:30 of 1st period - Stopped by Ryan Miller with a rebound.
15:34 of 1st period - Shot by Andrew Brunette.
15:34 of 1st period - Goal by Andrew Brunette - MapleLeafs : 3 - Panthers : 1.
15:35 of 1st period - Vernon Fiddler wins face-off versus Jason Blake in neutral zone.
15:40 of 1st period - Shot by Shawn Thornton.
15:40 of 1st period - Shot Misses the Net.
16:14 of 1st period - Shot by Sam Gagner.
16:14 of 1st period - Shot Misses the Net.
16:32 of 1st period - Shot by Sam Gagner.
16:32 of 1st period - Stopped by Ryan Miller without a rebound.
16:32 of 1st period - Minor Penalty to Greg Zanon for Interference.
16:33 of 1st period - Evgeni Malkin wins face-off versus Dave Bolland in MapleLeafs zone.
16:42 of 1st period - Shot by Dave Bolland.
16:42 of 1st period - Shot Misses the Net.
16:44 of 1st period - Shot by Dave Bolland.
16:44 of 1st period - Stopped by Ryan Miller with a rebound.
16:46 of 1st period - Shot by Ryan OByrne.
16:46 of 1st period - Stopped by Ryan Miller with a rebound.
16:48 of 1st period - Shot by Daniel Alfredsson.
16:48 of 1st period - Stopped by Ryan Miller without a rebound.
16:49 of 1st period - Evgeni Malkin wins face-off versus Dave Bolland in MapleLeafs zone.
16:49 of 1st period - Evgeni Malkin is hit by Dave Bolland.
17:01 of 1st period - Drew Doughty is hit by Sam Gagner and loses puck.
17:46 of 1st period - Shot by Daniel Alfredsson.
17:46 of 1st period - Stopped by Ryan Miller without a rebound.
17:47 of 1st period - Patrick Marleau wins face-off versus Andrew Brunette in MapleLeafs zone.
17:53 of 1st period - Icing by Daniel Alfredsson.
17:54 of 1st period - Andrew Brunette wins face-off versus Patrick Marleau in Panthers zone.
17:54 of 1st period - Andrew Brunette is hit by Vincent Lecavalier.
18:13 of 1st period - Shot by Andrew Brunette.
18:13 of 1st period - Shot Misses the Net.
18:15 of 1st period - Shot by Andy Greene.
18:15 of 1st period - Shot Hit the Post.
18:34 of 1st period - Icing by Kyle Quincey.
18:35 of 1st period - Vernon Fiddler wins face-off versus Dustin Penner in Panthers zone.
18:46 of 1st period - Shot by Mike Grier.
18:46 of 1st period - Shot Misses the Net.
18:49 of 1st period - Icing by Jason Blake.
18:50 of 1st period - Mike Fisher wins face-off versus Dustin Penner in Panthers zone.
19:18 of 1st period - Shot by Matt Cullen.
19:18 of 1st period - Shot Misses the Net.

Period #2

0:01 of 2nd period - Vincent Lecavalier wins face-off versus Dustin Penner in neutral zone.
0:01 of 2nd period - Vincent Lecavalier is hit by Sam Gagner.
0:05 of 2nd period - Shot by Evgeni Malkin.
0:05 of 2nd period - Deflect By Vincent Lecavalier.
0:05 of 2nd period - Stopped by Semyon Varlamov without a rebound.
0:06 of 2nd period - Mike Fisher wins face-off versus Jason Blake in Panthers zone.
0:12 of 2nd period - Patrick Marleau is hit by Ryan OByrne and loses puck.
0:29 of 2nd period - Minor Penalty to Matt Greene for Hooking.
0:30 of 2nd period - Patrick Marleau wins face-off versus Matt Cullen in MapleLeafs zone.
0:36 of 2nd period - Icing by Sam Gagner.
0:37 of 2nd period - Patrick Marleau wins face-off versus Mike Santorelli in Panthers zone.
0:42 of 2nd period - Shot by Patrick Marleau.
0:42 of 2nd period - Shot Blocked by Kyle Quincey.
0:53 of 2nd period - Sam Gagner is hit by Drew Doughty and loses puck.
1:00 of 2nd period - Shot by Jason Garrison.
1:00 of 2nd period - Shot Misses the Net.
1:04 of 2nd period - Shot by Sam Gagner.
1:04 of 2nd period - Stopped by Ryan Miller without a rebound.
1:05 of 2nd period - Andrew Brunette wins face-off versus Evgeni Malkin in MapleLeafs zone.
1:05 of 2nd period - Andrew Brunette is hit by Andrew Alberts.
1:06 of 2nd period - Minor Penalty to Andrew Alberts for High sticking.
1:07 of 2nd period - Vincent Lecavalier wins face-off versus Andrew Brunette in MapleLeafs zone.
1:42 of 2nd period - Off-side.
1:43 of 2nd period - Dave Bolland wins face-off versus Evgeni Malkin in neutral zone.
1:52 of 2nd period - Shot by Dave Bolland.
1:52 of 2nd period - Stopped by Ryan Miller with a rebound.
1:54 of 2nd period - Shot by Dave Bolland.
1:54 of 2nd period - Shot Misses the Net.
1:58 of 2nd period - Shot by Sam Gagner.
1:58 of 2nd period - Shot Misses the Net.
2:02 of 2nd period - Shot by Jason Garrison.
2:02 of 2nd period - Stopped by Ryan Miller without a rebound.
2:03 of 2nd period - Dave Bolland wins face-off versus Patrick Marleau in MapleLeafs zone.
2:10 of 2nd period - Shot by Jason Blake.
2:10 of 2nd period - Shot Blocked by Drew Doughty.
2:12 of 2nd period - Shot by Dave Bolland.
2:12 of 2nd period - Stopped by Ryan Miller without a rebound.
2:13 of 2nd period - Dave Bolland wins face-off versus Vincent Lecavalier in MapleLeafs zone.
3:11 of 2nd period - Daniel Alfredsson is hit by Andrew Alberts and loses puck.
3:41 of 2nd period - Shot by Daniel Alfredsson.
3:41 of 2nd period - Stopped by Ryan Miller without a rebound.
3:42 of 2nd period - Mike Santorelli wins face-off versus Mike Fisher in MapleLeafs zone.
3:54 of 2nd period - Icing by Kris Versteeg.
3:55 of 2nd period - Mike Fisher wins face-off versus Dustin Penner in MapleLeafs zone.
4:08 of 2nd period - Shot by Patrick Marleau.
4:08 of 2nd period - Stopped by Semyon Varlamov with a rebound.
4:10 of 2nd period - Shot by Kris Versteeg.
4:10 of 2nd period - Shot Misses the Net.
4:12 of 2nd period - Shot by Patrick Marleau.
4:12 of 2nd period - Shot Blocked by Jason Garrison.
4:14 of 2nd period - Shot by Patrick Marleau.
4:14 of 2nd period - Stopped by Semyon Varlamov without a rebound.
4:15 of 2nd period - Dustin Penner wins face-off versus Shawn Thornton in Panthers zone.
4:21 of 2nd period - Off-side.
4:22 of 2nd period - Vincent Lecavalier wins face-off versus Jason Blake in neutral zone.
4:45 of 2nd period - Shot by Mike Santorelli.
4:45 of 2nd period - Stopped by Ryan Miller without a rebound.
4:46 of 2nd period - Dustin Penner wins face-off versus Vernon Fiddler in MapleLeafs zone.
4:46 of 2nd period - Jason Garrison is hit by Andrew Alberts and loses puck.
5:25 of 2nd period - Minor Penalty to Mike Grier for Hooking.
5:26 of 2nd period - Dave Bolland wins face-off versus Evgeni Malkin in MapleLeafs zone.
5:43 of 2nd period - Shot by Andy Greene.
5:43 of 2nd period - Shot Misses the Net.
6:08 of 2nd period - Matt Greene is hit by Sam Gagner and loses puck.
6:53 of 2nd period - Shot by Ryan OByrne.
6:53 of 2nd period - Shot Hit the Post.
7:27 of 2nd period - Shot by Daniel Alfredsson.
7:27 of 2nd period - Shot Misses the Net.
7:29 of 2nd period - Shot by Dustin Penner.
7:29 of 2nd period - Stopped by Ryan Miller with a rebound.
7:31 of 2nd period - Shot by Daniel Alfredsson.
7:31 of 2nd period - Shot Blocked by Jay Harrison.
7:33 of 2nd period - Shot by Kyle Quincey.
7:33 of 2nd period - Goal by Kyle Quincey - MapleLeafs : 3 - Panthers : 2.
7:34 of 2nd period - Vernon Fiddler wins face-off versus Dustin Penner in neutral zone.
7:37 of 2nd period - Shot by Shawn Thornton.
7:37 of 2nd period - Stopped by Semyon Varlamov without a rebound.
7:37 of 2nd period - Minor Penalty to Semyon Varlamov for Delaying the game.
7:38 of 2nd period - Dave Bolland wins face-off versus Mike Fisher in Panthers zone.
7:57 of 2nd period - Shot by Kris Versteeg.
7:57 of 2nd period - Stopped by Semyon Varlamov without a rebound.
7:58 of 2nd period - Sam Gagner wins face-off versus Vincent Lecavalier in Panthers zone.
8:49 of 2nd period - Shot by Matt Greene.
8:49 of 2nd period - Shot Blocked by Jason Garrison.
8:53 of 2nd period - Shot by Adam Hall.
8:53 of 2nd period - Stopped by Semyon Varlamov without a rebound.
8:54 of 2nd period - Patrik Berglund wins face-off versus Mike Fisher in Panthers zone.
9:48 of 2nd period - Shot by Dustin Penner.
9:48 of 2nd period - Shot Blocked by Andrew Alberts.
9:50 of 2nd period - Shot by Anton Volchenkov.
9:50 of 2nd period - Shot Misses the Net.
9:52 of 2nd period - Shot by Jason Blake.
9:52 of 2nd period - Shot Misses the Net.
9:56 of 2nd period - Shot by Jason Blake.
9:56 of 2nd period - Shot Misses the Net.
9:58 of 2nd period - Shot by Anton Volchenkov.
9:58 of 2nd period - Shot Blocked by Jay Harrison.
10:02 of 2nd period - Shot by Sam Gagner.
10:02 of 2nd period - Shot Misses the Net.
10:06 of 2nd period - Shot by Sam Gagner.
10:06 of 2nd period - Deflect By Dustin Penner.
10:06 of 2nd period - Shot Blocked by Jay Harrison.
11:06 of 2nd period - Off-side.
11:07 of 2nd period - Dustin Penner wins face-off versus Vincent Lecavalier in neutral zone.
11:17 of 2nd period - Shot by Patrick Marleau.
11:17 of 2nd period - Stopped by Semyon Varlamov without a rebound.
11:18 of 2nd period - Mike Fisher wins face-off versus Dustin Penner in Panthers zone.
11:23 of 2nd period - Shot by Mike Fisher.
11:23 of 2nd period - Goal by Mike Fisher - MapleLeafs : 4 - Panthers : 2.
11:24 of 2nd period - Vincent Lecavalier wins face-off versus Mike Santorelli in neutral zone.
11:37 of 2nd period - Shot by Vincent Lecavalier.
11:37 of 2nd period - Shot Misses the Net.
11:39 of 2nd period - Shot by Greg Zanon.
11:39 of 2nd period - Shot Misses the Net.
11:43 of 2nd period - Shot by Patrick Marleau.
11:43 of 2nd period - Stopped by Semyon Varlamov without a rebound.
11:44 of 2nd period - Dustin Penner wins face-off versus Mike Fisher in Panthers zone.
11:44 of 2nd period - Dustin Penner is hit by Matt Greene.
11:52 of 2nd period - Shot by Sam Gagner.
11:52 of 2nd period - Stopped by Ryan Miller without a rebound.
11:53 of 2nd period - Dustin Penner wins face-off versus Kris Versteeg in MapleLeafs zone.
11:54 of 2nd period - Shot by Sam Gagner.
11:54 of 2nd period - Shot Blocked by Matt Greene.
12:16 of 2nd period - Shot by Patrick Marleau.
12:16 of 2nd period - Goal by Patrick Marleau - MapleLeafs : 5 - Panthers : 2.
12:17 of 2nd period - Vincent Lecavalier wins face-off versus Jason Blake in neutral zone.
12:27 of 2nd period - Evgeni Malkin is hit by Ryan OByrne and loses puck.
12:36 of 2nd period - Patrick Marleau is hit by Jason Blake and loses puck.
12:43 of 2nd period - Shot by Mike Santorelli.
12:43 of 2nd period - Shot Blocked by Vincent Lecavalier.
12:54 of 2nd period - Icing by Ryan OByrne.
12:55 of 2nd period - Mike Fisher wins face-off versus Jason Blake in Panthers zone.
13:01 of 2nd period - Minor Penalty to Adam Hall for Hooking.
13:02 of 2nd period - Evgeni Malkin wins face-off versus Andrew Brunette in MapleLeafs zone.
15:02 of 2nd period - Jay Harrison is hit by Dustin Penner and loses puck.
15:17 of 2nd period - Shot by Andrew Brunette.
15:17 of 2nd period - Shot Misses the Net.
15:29 of 2nd period - Shot by Dustin Penner.
15:29 of 2nd period - Shot Blocked by Andrew Alberts.
15:45 of 2nd period - Shot by Kris Versteeg.
15:45 of 2nd period - Deflect By Vincent Lecavalier.
15:45 of 2nd period - Stopped by Semyon Varlamov without a rebound.
15:46 of 2nd period - Mike Fisher wins face-off versus Patrik Berglund in Panthers zone.
16:01 of 2nd period - Shot by Daniel Alfredsson.
16:01 of 2nd period - Stopped by Ryan Miller without a rebound.
16:02 of 2nd period - Vincent Lecavalier wins face-off versus Mike Santorelli in MapleLeafs zone.
16:16 of 2nd period - Shot by Daniel Alfredsson.
16:16 of 2nd period - Stopped by Ryan Miller without a rebound.
16:17 of 2nd period - Shawn Thornton wins face-off versus Dustin Penner in MapleLeafs zone.
16:17 of 2nd period - Shawn Thornton is hit by Dustin Penner.
16:30 of 2nd period - Shot by Adam Hall.
16:30 of 2nd period - Shot Misses the Net.
16:32 of 2nd period - Shot by Greg Zanon.
16:32 of 2nd period - Shot Misses the Net.
16:44 of 2nd period - Shot by Dave Bolland.
16:44 of 2nd period - Stopped by Ryan Miller without a rebound.
16:45 of 2nd period - Dustin Penner wins face-off versus Patrick Marleau in MapleLeafs zone.
16:50 of 2nd period - Shot by Daniel Alfredsson.
16:50 of 2nd period - Deflect By Jason Blake.
16:50 of 2nd period - Shot Misses the Net.
19:34 of 2nd period - Off-side.
19:35 of 2nd period - Dave Bolland wins face-off versus Patrick Marleau in neutral zone.
19:35 of 2nd period - Dave Bolland is hit by Vincent Lecavalier.
19:49 of 2nd period - Shot by Patrick Marleau.
19:49 of 2nd period - Shot Hit the Post.
19:51 of 2nd period - Shot by Vincent Lecavalier.
19:51 of 2nd period - Shot Misses the Net.
19:55 of 2nd period - Shot by Patrick Marleau.
19:55 of 2nd period - Shot Blocked by Dave Bolland.
19:59 of 2nd period - Shot by Patrick Marleau.
19:59 of 2nd period - Stopped by Semyon Varlamov without a rebound.

Period #3

0:01 of 3rd period - Dustin Penner wins face-off versus Vincent Lecavalier in neutral zone.
0:04 of 3rd period - Shot by Dustin Penner.
0:04 of 3rd period - Stopped by Ryan Miller without a rebound.
0:05 of 3rd period - Mike Fisher wins face-off versus Jason Blake in MapleLeafs zone.
0:26 of 3rd period - Shot by Andy Greene.
0:26 of 3rd period - Deflect By Mike Santorelli.
0:26 of 3rd period - Stopped by Ryan Miller without a rebound.
0:27 of 3rd period - Vernon Fiddler wins face-off versus Sam Gagner in MapleLeafs zone.
0:27 of 3rd period - Vernon Fiddler is hit by Dustin Penner.
0:32 of 3rd period - Mike Grier is hit by Kyle Quincey and loses puck.
0:39 of 3rd period - Shot by Mike Grier.
0:39 of 3rd period - Stopped by Semyon Varlamov without a rebound.
0:40 of 3rd period - Vincent Lecavalier wins face-off versus Dustin Penner in Panthers zone.
0:47 of 3rd period - Shot by Evgeni Malkin.
0:47 of 3rd period - Stopped by Semyon Varlamov with a rebound.
1:44 of 3rd period - Jason Blake is hit by Greg Zanon and loses puck.
2:38 of 3rd period - Icing by Mike Fisher.
2:39 of 3rd period - Mike Santorelli wins face-off versus Mike Fisher in MapleLeafs zone.
3:41 of 3rd period - Shot by Dustin Penner.
3:41 of 3rd period - Stopped by Ryan Miller with a rebound.
3:44 of 3rd period - Icing by Andrew Alberts.
3:45 of 3rd period - Shawn Thornton wins face-off versus Matt Cullen in MapleLeafs zone.
3:56 of 3rd period - Anton Volchenkov is hit by Shawn Thornton and loses puck.
4:09 of 3rd period - Shot by Andrew Brunette.
4:09 of 3rd period - Shot Misses the Net.
4:13 of 3rd period - Shot by Sam Gagner.
4:13 of 3rd period - Shot Blocked by Jay Harrison.
4:39 of 3rd period - Shot by Patrick Marleau.
4:39 of 3rd period - Stopped by Semyon Varlamov without a rebound.
4:40 of 3rd period - Mike Fisher wins face-off versus Dustin Penner in Panthers zone.
4:55 of 3rd period - Shot by Sam Gagner.
4:55 of 3rd period - Shot Blocked by Kyle Cumiskey.
5:36 of 3rd period - Shot by Andrew Brunette.
5:36 of 3rd period - Stopped by Ryan Miller with a rebound.
5:38 of 3rd period - Shot by Andrew Brunette.
5:38 of 3rd period - Shot Blocked by Kyle Cumiskey.
5:42 of 3rd period - Shot by Daniel Alfredsson.
5:42 of 3rd period - Goal by Daniel Alfredsson - MapleLeafs : 5 - Panthers : 3.
5:43 of 3rd period - Dave Bolland wins face-off versus Vincent Lecavalier in neutral zone.
6:02 of 3rd period - Shot by Patrick Marleau.
6:02 of 3rd period - Shot Misses the Net.
6:04 of 3rd period - Shot by Evgeni Malkin.
6:04 of 3rd period - Shot Blocked by Jason Blake.
6:06 of 3rd period - Shot by Patrick Marleau.
6:06 of 3rd period - Shot Blocked by Anton Volchenkov.
6:08 of 3rd period - Shot by Greg Zanon.
6:08 of 3rd period - Shot Misses the Net.
6:10 of 3rd period - Shot by Patrick Marleau.
6:10 of 3rd period - Stopped by Semyon Varlamov without a rebound.
6:11 of 3rd period - Vernon Fiddler wins face-off versus Lee Stempniak in Panthers zone.
6:22 of 3rd period - Shot by Mike Santorelli.
6:22 of 3rd period - Stopped by Ryan Miller without a rebound.
6:23 of 3rd period - Dustin Penner wins face-off versus Vincent Lecavalier in MapleLeafs zone.
6:24 of 3rd period - Shot by Sam Gagner.
6:24 of 3rd period - Shot Misses the Net.
6:26 of 3rd period - Shot by Jason Garrison.
6:26 of 3rd period - Shot Blocked by Drew Doughty.
7:14 of 3rd period - Icing by Ryan OByrne.
7:15 of 3rd period - Vernon Fiddler wins face-off versus Mike Santorelli in Panthers zone.
7:20 of 3rd period - Shot by Shawn Thornton.
7:20 of 3rd period - Shot Misses the Net.
7:45 of 3rd period - Shot by Mike Grier.
7:45 of 3rd period - Shot Misses the Net.
8:13 of 3rd period - Jay Harrison is hit by Dustin Penner and loses puck.
9:00 of 3rd period - Matt Greene beats up Sam Gagner.
9:00 of 3rd period - Penalty to Sam Gagner for Fighting.
9:00 of 3rd period - Penalty to Matt Greene for Fighting.
9:01 of 3rd period - Dave Bolland wins face-off versus Vincent Lecavalier in MapleLeafs zone.
9:14 of 3rd period - Shot by Ryan Smyth.
9:14 of 3rd period - Stopped by Ryan Miller with a rebound.
10:16 of 3rd period - Icing by Jason Garrison.
10:17 of 3rd period - Mike Fisher wins face-off versus Jason Blake in Panthers zone.
10:50 of 3rd period - Shot by Andy Greene.
10:50 of 3rd period - Stopped by Ryan Miller with a rebound.
11:05 of 3rd period - Andy Greene is hit by Andrew Alberts and loses puck.
11:14 of 3rd period - Icing by Ryan OByrne.
11:15 of 3rd period - Andrew Brunette wins face-off versus Vincent Lecavalier in Panthers zone.
11:24 of 3rd period - Patrick Marleau is hit by Andrew Brunette.
11:36 of 3rd period - Shot by Vincent Lecavalier.
11:36 of 3rd period - Stopped by Semyon Varlamov without a rebound.
11:37 of 3rd period - Dustin Penner wins face-off versus Mike Fisher in Panthers zone.
11:57 of 3rd period - Icing by Jay Harrison.
11:58 of 3rd period - Dave Bolland wins face-off versus Mike Fisher in MapleLeafs zone.
12:01 of 3rd period - Shot by Ryan Smyth.
12:01 of 3rd period - Shot Misses the Net.
12:19 of 3rd period - Evgeni Malkin is hit by Dave Bolland and loses puck.
13:20 of 3rd period - Shot by Matt Cullen.
13:20 of 3rd period - Stopped by Ryan Miller without a rebound.
13:21 of 3rd period - Mike Santorelli wins face-off versus Mike Grier in MapleLeafs zone.
13:32 of 3rd period - Shot by Daniel Alfredsson.
13:32 of 3rd period - Stopped by Ryan Miller without a rebound.
13:33 of 3rd period - Mike Fisher wins face-off versus Dustin Penner in MapleLeafs zone.
13:39 of 3rd period - Icing by Matt Cullen.
13:40 of 3rd period - Vincent Lecavalier wins face-off versus Dustin Penner in Panthers zone.
13:49 of 3rd period - Shot by Evgeni Malkin.
13:49 of 3rd period - Stopped by Semyon Varlamov without a rebound.
13:50 of 3rd period - Mike Fisher wins face-off versus Dustin Penner in Panthers zone.
13:53 of 3rd period - Shot by Vincent Lecavalier.
13:53 of 3rd period - Stopped by Semyon Varlamov without a rebound.
13:54 of 3rd period - Vernon Fiddler wins face-off versus Dustin Penner in Panthers zone.
13:59 of 3rd period - Shot by Mike Grier.
13:59 of 3rd period - Deflect By Shawn Thornton.
13:59 of 3rd period - Stopped by Semyon Varlamov without a rebound.
14:00 of 3rd period - Jason Blake wins face-off versus Mike Fisher in Panthers zone.
14:00 of 3rd period - Jason Blake is hit by Mike Fisher.
14:07 of 3rd period - Minor Penalty to Matt Greene for Interference.
14:08 of 3rd period - Andrew Brunette wins face-off versus Patrick Marleau in MapleLeafs zone.
14:43 of 3rd period - Drew Doughty is hit by Andrew Brunette and loses puck.
16:24 of 3rd period - Off-side.
16:25 of 3rd period - Sam Gagner wins face-off versus Mike Fisher in neutral zone.
16:38 of 3rd period - Shot by Sam Gagner.
16:38 of 3rd period - Goal by Sam Gagner - MapleLeafs : 5 - Panthers : 4.
16:39 of 3rd period - Vernon Fiddler wins face-off versus Jason Blake in neutral zone.
16:44 of 3rd period - Andrew Brunette is hit by Shawn Thornton and loses puck.
17:32 of 3rd period - Shot by Vincent Lecavalier.
17:32 of 3rd period - Goal by Vincent Lecavalier - MapleLeafs : 6 - Panthers : 4.
17:33 of 3rd period - Dustin Penner wins face-off versus Mike Fisher in neutral zone.
17:35 of 3rd period - Off-side.
17:36 of 3rd period - Dustin Penner wins face-off versus Vincent Lecavalier in neutral zone.
17:55 of 3rd period - Shot by Patrick Marleau.
17:55 of 3rd period - Stopped by Semyon Varlamov without a rebound.
17:56 of 3rd period - Mike Fisher wins face-off versus Dustin Penner in Panthers zone.
17:57 of 3rd period - Shot by Kris Versteeg.
17:57 of 3rd period - Shot Blocked by Kyle Quincey.
17:59 of 3rd period - Shot by Kyle Cumiskey.
17:59 of 3rd period - Shot Blocked by Sam Gagner.
18:10 of 3rd period - Matt Cullen is hit by Matt Greene.
18:29 of 3rd period - Shot by Kris Versteeg.
18:29 of 3rd period - Stopped by Semyon Varlamov without a rebound.
18:30 of 3rd period - Dave Bolland wins face-off versus Evgeni Malkin in Panthers zone.
18:30 of 3rd period - Dave Bolland is hit by Evgeni Malkin.
18:35 of 3rd period - Ryan Smyth is hit by Drew Doughty and loses puck.
18:41 of 3rd period - Minor Penalty to Greg Zanon for Roughing.
18:42 of 3rd period - Dave Bolland wins face-off versus Patrick Marleau in MapleLeafs zone.
19:03 of 3rd period - Kris Versteeg is hit by Ryan OByrne and loses puck.
19:30 of 3rd period - Shot by Patrik Berglund.
19:30 of 3rd period - Stopped by Ryan Miller without a rebound.
19:31 of 3rd period - Patrick Marleau wins face-off versus Andrew Brunette in MapleLeafs zone.
19:31 of 3rd period - Patrick Marleau is hit by Ryan Smyth.
19:43 of 3rd period - Shot by Kyle Quincey.
19:43 of 3rd period - Shot Misses the Net.
19:45 of 3rd period - Shot by Jason Garrison.
19:45 of 3rd period - Stopped by Ryan Miller without a rebound.
19:46 of 3rd period - Dave Bolland wins face-off versus Evgeni Malkin in MapleLeafs zone.


Output by the SimonT Hockey Simulator (STHS) for Stephane Roy -- Original Page W3C XHTML 1.0 Valid